 Dungeon Crawl Stone Soup version 0.28.0-53-g5a82cb258f (webtiles) character file.

Game seed: 7363020265960129212

8208 cbfl8 the Cleaver (level 11, -11/90 HPs)
             Began as a Minotaur Berserker on July 26, 2022.
             Was an Elder of Trog.
             Shot with a bolt by an orc knight (22 damage)
             ... on level 10 of the Dungeon.
             The game lasted 00:14:37 (10916 turns).

cbfl8 the Cleaver (Minotaur Berserker)             Turns: 10916, Time: 00:14:38

Health: -11/90     AC: 20    Str: 25    XL:     11   Next: 6%
Magic:  10/10      EV: 12    Int: 10    God:    Trog [****..]
Gold:   857        SH:  0    Dex: 17    Spells: 10/10 levels left

rFire   . . .      SeeInvis .   H - +0 battleaxe (protect)
rCold   . . .      Faith    .   (shield currently unavailable)
rNeg    + . .      Spirit   .   k - +6 chain mail of Sunlight {rN+ Str-4 Dex+4}
rPois   .          Reflect  .   (helmet restricted)
rElec   .          Harm     .   w - +0 cloak
rCorr   +          Rampage  .   B - +0 pair of gloves
Will    .....                   (no boots)
Stlth   ..........              I - amulet of regeneration
HPRegen 1.05/turn               n - ring of flight
MPRegen 0.12/turn               q - ring of Ahufub {rCorr Str+6 Int+6}

@: on berserk cooldown, flying, slowed, very slow
A: horns 2, retaliatory headbutt, talons 1, frail 1
a: Renounce Religion, Berserk, Trog's Hand, Brothers in Arms


You were on level 10 of the Dungeon.
You worshipped Trog.
Trog was greatly pleased with you.
You visited 1 branch of the dungeon, and saw 10 of its levels.

You collected 857 gold pieces.

Inventory:

Hand Weapons
 a - a +0 vampiric hand axe
 l - a +2 battleaxe
 H - a +0 battleaxe of protection (weapon)
 J - the +6 long sword of Kismet {flame, *Noise rC+ Will+ Int+3}
   (You found it on level 10 of the Dungeon)

   It burns those it strikes, dealing additional fire damage.
   Big, fiery blades are also staple armaments of hydra-hunters.
   Int:       It affects your intelligence (+3).
   rC:        It protects you from cold.
   *Noise:    It may make noises in combat.
   Will:      It increases your willpower.
Missiles
 z - a throwing net
Armour
 k - the +6 chain mail of Sunlight (worn) {rN+ Str-4 Dex+4}
   (You found it on level 8 of the Dungeon)

   Str:       It affects your strength (-4).
   Dex:       It affects your dexterity (+4).
   rN:        It protects you from negative energy.
 t - a +0 plate armour
 w - a +0 cloak (worn)
 B - a +0 pair of gloves (worn)
Jewellery
 h - a ring of ice
 j - a +6 ring of dexterity
 n - a ring of flight (left hand)
 q - the ring of Ahufub (right hand) {rCorr Str+6 Int+6}
   (You found it on level 3 of the Dungeon)

   [ring of intelligence]

   Str:       It affects your strength (+6).
   Int:       It affects your intelligence (+6).
   rCorr:     It protects you from acid and corrosion.
 x - a +4 ring of evasion
 I - an amulet of regeneration (around neck)
Wands
 p - a wand of flame (11)
 C - a wand of paralysis (15) (quivered)
Scrolls
 d - 5 scrolls of teleportation
 e - 2 scrolls of silence {unknown}
 f - 3 scrolls of amnesia
 i - 4 scrolls of magic mapping
 m - 2 scrolls of fog
 r - a scroll of enchant armour
 s - a scroll of enchant weapon
 u - a scroll of blinking {unknown}
 v - 2 scrolls of noise {unknown}
 y - a scroll of acquirement
 F - a scroll of torment {unknown}
Potions
 b - 3 potions of curing
 c - a potion of haste
 g - 2 potions of flight
 o - 2 potions of mutation
 D - a potion of brilliance {unknown}
 E - a potion of cancellation {unknown}
 G - a potion of invisibility {unknown}


   Skills:
 * Level 10.3 Fighting
 + Level 11.2 Axes
 + Level 8.9 Armour
 * Level 7.3 Dodging
 * Level 5.9 Stealth
 * Level 3.5 Evocations


You had 10 spell levels left.
You didn't know any spells.
Your spell library was empty.

Dungeon Overview and Level Annotations

Branches:
Dungeon (10/15)            Temple (0/1) D:6
   Lair: D:8-11         Orc: D:9-12

Altars:
The Shining One

Shops:
D:7 *   D:8 (

Portals:
Trove: D:10 (give 5 scrolls of fog)


Innate Abilities, Weirdness & Mutations

You have a pair of horns on your head.
You reflexively headbutt those who attack you in melee.
You have sharp toenails.
You are frail. (-10% HP)


Message History

You are too injured to fight recklessly!
Unknown command.
You are too injured to fight recklessly!
Unknown command.
A red film seems to cover your vision as you go berserk!
You feel yourself moving faster!
You feel mighty!
You are engulfed in a cloud of scalding steam.
The basilisk closely misses you. You furiously retaliate!
You headbutt the basilisk! The steam dragon barely misses you.
The steam dragon claws you.
You barely miss the basilisk.
The basilisk is severely wounded.
You slash the steam dragon!
The basilisk bites you but does no damage.
The steam dragon barely misses you. You furiously retaliate!
You headbutt the steam dragon!
The steam dragon claws you but does no damage.
You completely miss the basilisk. You claw the basilisk!
You kill the basilisk!
Trog accepts your kill.
You slash the steam dragon!
You are engulfed in a cloud of scalding steam.
The steam dragon closely misses you. The steam dragon barely misses you.
Unknown command.
You slash the steam dragon!
You kill the steam dragon!
Trog accepts your kill.
You feel a strong urge to attack something.
The orc knight shoots a bolt.
The bolt hits you but does no damage.
You feel your anger nearly subside.
The orc knight shoots a bolt.
The bolt hits you!!
You are no longer berserk.
You are exhausted.
You feel yourself slow down.
The orc knight shoots a bolt.
The bolt barely misses you.
There is a stone staircase leading down here.
The orc knight shoots a bolt.
The bolt hits you!!
* * * LOW HITPOINT WARNING * * *
The orc knight shoots a bolt.
The bolt hits you!!
You die...

.####...# .........#
....o...†# .........#
.........####
..........∩.#
............#
............#
.......@....#
..<.........#
.......##########....#
.......#........#....#
.......#........#....#
.>.....#........'....#
.......#........#....#
.......##########....#
...................))#


You could see an orc knight.

Vanquished Creatures
  4 two-headed ogres
  A komodo dragon (D:10)
  A hornet (D:8)
  A wraith (D:10)
  6 yaks (D:9)
  Eustachio (D:5)
  3 steam dragons
  Grum (D:10)
  Edmund (D:6)
  A basilisk (D:10)
  3 water moccasins
  An orc warrior (D:6)
  A sky beast (D:6)
  3 ogres
  A wolf (D:10)
  2 centaurs
  4 necrophages
  A phantom (D:5)
  A kobold brigand (D:5)
  Blork the orc (D:5)
  A scorpion (D:5)
  5 bullfrogs
  A wyvern zombie (D:6)
  A water moccasin skeleton (D:5)
  6 killer bees
  A wight (D:8)
  6 howler monkeys
  An electric eel (D:7)
  5 hounds
  Crazy Yiuf (D:6)
  A centaur zombie (D:9)
  2 orc priests
  3 centaur skeletons
  Jessica (D:3)
  11 orc wizards
  4 iguanas
  Terence (D:2)
  A howler monkey zombie (D:5)
  An adder (D:4)
  4 gnolls (D:4)
  2 shadow imps (D:7)
  2 worms
  A dart slug (D:2)
  20 orcs
  3 bats
  8 endoplasms
  2 giant cockroaches
  6 goblins
  7 hobgoblins
  20 kobolds
  3 quokkas
  12 ball pythons
  5 frilled lizards
  4 rats
190 creatures vanquished.

Vanquished Creatures (others)
  A kobold brigand (D:8)
  A kobold (D:8)
  4 fungi (D:6)
  38 plants
44 creatures vanquished.

Grand Total: 234 creatures vanquished

Notes
Turn   | Place    | Note
-------+----------+-------------------------------------------
     0 | D:1      | cbfl8 the Minotaur Berserker began the quest for the Orb.
     0 | D:1      | Reached XP level 1. HP: 19/19 MP: 0/0
   432 | D:1      | Reached XP level 2. HP: 26/27 MP: 1/1
   763 | D:1      | Reached skill level 4 in Axes
  1011 | D:1      | Found a faded altar of an unknown god.
  1251 | D:2      | Noticed Terence
  1257 | D:2      | Killed Terence
  1258 | D:2      | Reached XP level 3. HP: 30/34 MP: 2/2
  1504 | D:2      | Reached ** piety under Trog
  1551 | D:2      | Reached skill level 1 in Stealth
  1619 | D:2      | Reached XP level 4. HP: 40/41 MP: 3/3
  2252 | D:3      | Reached skill level 5 in Fighting
  2504 | D:3      | Identified the ring of Ahufub {rCorr Str+6 Int+6}
  2592 | D:3      | Noticed Jessica
  2600 | D:3      | Killed Jessica
  2601 | D:3      | Reached XP level 5. HP: 41/48 MP: 4/4
  2912 | D:3      | Reached *** piety under Trog
  3248 | D:4      | Reached skill level 5 in Axes
  3866 | D:4      | Noticed a necrophage
  3875 | D:4      | Killed a necrophage
  3876 | D:4      | Reached XP level 6. HP: 54/57 MP: 5/5
  4870 | D:5      | Entered Level 5 of the Dungeon
  4883 | D:5      | Reached XP level 7. HP: 45/62 MP: 6/6
  4975 | D:5      | Noticed Eustachio
  4978 | D:5      | Gained mutation: You are frail. (-10% HP) [potion of
                  | mutation]
  4978 | D:5      | Gained mutation: You have sharp toenails. [potion of
                  | mutation]
  4992 | D:5      | Reached skill level 6 in Axes
  4995 | D:5      | Killed Eustachio
  5294 | D:5      | Reached skill level 5 in Armour
  5497 | D:5      | Reached XP level 8. HP: 63/63 MP: 7/7
  5594 | D:5      | Reached skill level 7 in Axes
  5616 | D:5      | Noticed Blork the orc
  5625 | D:5      | Killed Blork the orc
  6718 | D:6      | Found a staircase to the Ecumenical Temple.
  6871 | D:6      | Reached **** piety under Trog
  6872 | D:6      | Reached skill level 5 in Dodging
  6896 | D:6      | Noticed Edmund
  6905 | D:6      | Reached skill level 8 in Axes
  6908 | D:6      | Killed Edmund
  7087 | D:6      | Reached XP level 9. HP: 16/72 MP: 8/8
  7579 | D:6      | Found a runed translucent door.
  7580 | D:6      | Noticed Crazy Yiuf
  7586 | D:6      | Killed Crazy Yiuf
  8329 | D:7      | Found Gujat's Assorted Antiques.
  8458 | D:8      | Identified 2 scrolls of acquirement
  8465 | D:8      | Noticed a two-headed ogre
  8467 | D:8      | Noticed a two-headed ogre
  8472 | D:8      | Killed a two-headed ogre
  8473 | D:8      | Reached skill level 9 in Axes
  8473 | D:8      | Reached skill level 1 in Evocations
  8476 | D:8      | Killed a two-headed ogre
  8477 | D:8      | Reached XP level 10. HP: 61/81 MP: 9/9
  8809 | D:8      | Found Qeom Kaa's Weapon Shoppe.
  8850 | D:8      | Reached skill level 5 in Stealth
  8939 | D:8      | Acquired 442 gold pieces
  9311 | D:8      | Noticed a two-headed ogre
  9446 | D:8      | Killed a two-headed ogre
  9447 | D:8      | Reached skill level 10 in Axes
  9568 | D:8      | Identified the +6 chain mail of Sunlight {rN+ Str-4 Dex+4}
 10168 | D:9      | Reached skill level 10 in Fighting
 10361 | D:9      | Found a glowing golden altar of the Shining One.
 10617 | D:10     | Entered Level 10 of the Dungeon
 10650 | D:10     | Noticed a two-headed ogre
 10659 | D:10     | Killed a two-headed ogre
 10699 | D:10     | Reached skill level 11 in Axes
 10708 | D:10     | Identified the +6 long sword of Kismet {flame, *Noise rC+
                  | Will+ Int+3}
 10711 | D:10     | Noticed a seven-headed hydra
 10711 | D:10     | Noticed an orc knight
 10711 | D:10     | Noticed a five-headed hydra
 10712 | D:10     | Noticed a death knight
 10713 | D:10     | Noticed a centaur warrior
 10805 | D:10     | Reached XP level 11. HP: 71/90 MP: 10/10
 10820 | D:10     | Noticed Grum
 10836 | D:10     | Killed Grum
 10880 | D:10     | Found a portal to a secret trove of treasure.
 10916 | D:10     | Shot with a bolt by an orc knight

Illustrated notes

Levels and vault maps discovered:
D:1:      co_arrival_random_square_maze, layout_loops_ring, serial_glass,
          glass_columns_c, glass_columns_b, glass_columns_a, glass_columns_b,
          hellmonk_ecumenical_altar_inner_sanctum
D:2:      layout_loops_ring, corexii_corridor_pit, uniq_terence
D:3:      layout_loops_ring, kennysheep_generic_room_12, uniq_jessica
D:4:      layout_layer_cave
D:5:      layout_cave_pools, uniq_eustachio, uniq_blork_the_orc
D:6:      layout_basic, temple_pool_b, serial_glass, glass_columns_b,
          glass_columns_a, uniq_edmund, uniq_crazy_yiuf_cottage
D:7:      layout_basic, serial_shops, nicolae_lakefront_shop,
          minmay_misc_feat_hallway, kennysheep_nub, serial_bayou_pond_b
D:8:      layout_loops_ring, serial_shops, shop_fountains,
          kennysheep_opposing_triangles
D:9:      layout_basic, tso_oasis_becter
D:10:     layout_irregular_city, david_lair_shrubbed, enter_trove_0,
          minivault_28, uniq_fannar, uniq_joseph, uniq_grum

Skill      XL: |  1  2  3  4  5  6  7  8  9 10 |
---------------+-------------------------------+-----
Fighting       | 4 5 6 8 9 10 | 10.3
Axes           | 4 5 6 8 9 11 | 11.2
Stealth        | 1 2 3 4 5 |  5.9
Armour         | 3 4 5 6 7 8 |  8.9
Dodging        | 3 4 5 6 7 |  7.3
Evocations     | 1 3 |  3.5

Action                   |  1- 3 |  4- 6 |  7- 9 | 10-12 || total
-------------------------+-------+-------+-------+-------++-------
Melee: Hand axe          |    73 |   103 |   171 |       ||   347
       Headbutt          |    12 |    16 |    37 |    26 ||    91
       Punch             |     1 |     3 |     4 |       ||     8
       Kick              |       |       |    51 |    40 ||    91
       Battleaxe         |       |       |     7 |   132 ||   139
Invok: Berserk           |     2 |       |     7 |     4 ||    13
  Use: Potion            |       |       |     7 |       ||     7
       Scroll            |       |       |     8 |     5 ||    13
Armor: Animal skin       |    11 |       |       |       ||    11
       Leather armour    |     1 |       |       |       ||     1
       Scale mail        |     7 |    37 |    14 |       ||    58
       Skin              |       |       |    32 |       ||    32
       Plate armour      |       |       |    52 |    32 ||    84
       Chain mail        |       |       |       |    64 ||    64
Dodge: Dodged            |    35 |    54 |    76 |    84 ||   249
